 Dungeon Crawl Stone Soup version 0.28.0 (webtiles) character file.

Game seed: 5067879619943587594

2 growler the Gusty (level 1, -1/10 HPs)
             Began as a Tengu Air Elementalist on Feb 8, 2022.
             Killed from afar by a dart slug (3 damage)
             ... with a slug dart
             ... on level 2 of the Dungeon.
             The game lasted 00:00:50 (348 turns).

growler the Gusty (Tengu Air Elementalist)           Turns: 348, Time: 00:00:50

Health: -1/10      AC:  2    Str:  8    XL:     1   Next: 40%
Magic:  4/4        EV: 12    Int: 15    God:
Gold:   0          SH:  0    Dex: 14    Spells: 3/4 levels left

rFire   . . .      SeeInvis .   b - +0 dagger
rCold   . . .      Faith    .   (no shield)
rNeg    . . .      Spirit   .   a - +0 robe
rPois   .          Reflect  .   (helmet restricted)
rElec   .          Harm     .   (no cloak)
rCorr   .          Rampage  .   (no gloves)
Will    .....                   (boots unavailable)
Stlth   ++........              (no amulet)
HPRegen 0.03/turn               (no ring)
MPRegen 0.09/turn               (no ring)

@: no status effects
A: beak, talons 3
a: no special abilities


You were on level 2 of the Dungeon.
You visited 1 branch of the dungeon, and saw 2 of its levels.

Inventory:

Hand Weapons
 b - a +0 dagger (weapon)
   (You took it off a goblin on level 2 of the Dungeon)
Armour
 a - a +0 robe (worn)


   Skills:
 - Level 2.1 Dodging
 - Level 2.0 Stealth
 + Level 2.0 Spellcasting
 + Level 1.5 Conjurations
 + Level 4.1 Air Magic


You had 3 spell levels left.
You knew the following spells:

 Your Spells              Type           Power      Damage    Failure   Level
a - Shock                 Conj/Air       40%        1d5       7%          1

Your spell library contained the following spells:

 Spells                   Type           Power      Damage    Failure   Level
 Static Discharge         Conj/Air       10%        N/A       11%         2
 Swiftness                Air            13%        N/A       12%         3
 Airstrike                Air            6%         N/A       38%         4


Dungeon Overview and Level Annotations

Branches:
Dungeon (1/15)

Altars:

Shops:
D:1 (


Innate Abilities, Weirdness & Mutations

You have a beak for a mouth.
You have claws for feet.


Message History

Found a stone staircase leading up.
The bat closely misses you.
A bat comes into view.
A hobgoblin comes into view.
You see here a +0 dagger.
b - a +0 dagger The hobgoblin shouts!
The bat closely misses you. The bat misses you. The bat barely misses you.
b - a +0 dagger (weapon)
The bat closely misses you. The bat completely misses you.
The bat closely misses you.
You closely miss the bat. Your kick misses the bat. Your peck misses the bat.
The bat hits you but does no damage. The bat barely misses you.
The bat hits you but does no damage.
A dart slug comes into view.
You hit the bat but do no damage. The bat closely misses you. The bat hits you.
The bat hits you but does no damage. The bat hits you.
You closely miss the bat. Your kick misses the bat.
The bat barely misses you. x3
The bat hits you. The bat closely misses you. The bat hits you.
The bat hits you but does no damage.
A kobold comes into view. It is wielding a +0 dagger.
The bat closely misses you. The bat hits you.
The bat hits you but does no damage. The bat hits you.
* * * LOW HITPOINT WARNING * * *
The bat hits you but does no damage. x2
The bat hits you but does no damage. The bat misses you.
The bat closely misses you. The bat barely misses you.
The bat closely misses you. x2
The bat barely misses you. x2
The bat hits you but does no damage. The bat hits you.
* * * LOW HITPOINT WARNING * * *
The bat hits you but does no damage. The bat hits you but does no damage.
The bat barely misses you. The bat closely misses you.
An adder comes into view.
Found a stone staircase leading down.
The adder hisses angrily.
The bat misses you. The bat closely misses you. The bat misses you.
The bat closely misses you. The bat barely misses you.
The bat closely misses you.
A dart slug comes into view.
Found a dagger.
The bat hits you but does no damage. x2; The bat hits you.
* * * LOW HITPOINT WARNING * * *
The bat closely misses you. The bat hits you.
* * * LOW HITPOINT WARNING * * *
The adder barely misses you.
You hit the adder. The bat completely misses you. The bat barely misses you.
The dart slug launches a dart at you. The slug dart hits you.
You die...

.# ..# ## ...) ###.
..####.. ...#..#
#.b..# #.#.######
.<.. #@.b.....#
..w....S.#g..###
....>..>.####..#
..#.#....#####.#
.......#....##.#
.....(..###.##.##
............##g.###
.........#g.......#
.......:..........#


You could see an adder, a dart slug, a hobgoblin and 2 bats.

Vanquished Creatures
  A goblin (D:2)
  A kobold (D:1)
2 creatures vanquished.

Notes
Turn   | Place    | Note
-------+----------+-------------------------------------------
     0 | D:1      | growler the Tengu Air Elementalist began the quest for the
                  | Orb.
     0 | D:1      | Reached XP level 1. HP: 10/10 MP: 4/4
   322 | D:1      | Found Wih Pewn's Weapon Shop.
   323 | D:1      | You fall into a shaft and drop 1 floor!
   348 | D:2      | Killed from afar by a dart slug

Illustrated notes

Levels and vault maps discovered:
D:1:      arrival_zaba_pyramid, layout_basic, serial_shops,
          nicolae_shop_bloodbath_and_beyond, corexii_leaking_fountain,
          minivault_5
D:2:      layout_rooms, nicolae_ecumenical_oubliette, kennysheep_generic_room_12

Action                   || total
-------------------------++-------
Melee: Dagger            ||     4
       Unarmed           ||     2
 Cast: Shock             ||     3
Armor: Robe              ||    13
Dodge: Dodged            ||    34
